 Dungeon Crawl Stone Soup version 0.22-a0-482-g76e0a5f51a (webtiles) character file.

253511 RKaid the Spry (level 20, -1/154 HPs)
             Began as a Halfling Arcane Marksman on Apr 23, 2018.
             Was a High Priest of Okawaru.
             Slain by a vault warden
             ... wielding a +4 great sword of electrocution
              (19 damage)
             ... on level 1 of the Vaults on June 17, 2018.
             The game lasted 02:58:38 (43820 turns).

RKaid the Spry (Halfling Arcane Marksman)          Turns: 43820, Time: 02:58:39

Health: -1/154     AC: 21    Str: 19    XL:     20   Next: 52%
Magic:  32/36      EV: 31    Int: 17    God:    Okawaru [*****.]
Gold:   1082       SH: 14    Dex: 21    Spells: 11/21 levels left

rFire    . . .     SeeInvis +   a - +8 fustibalus "Cinnoih" {flame, MR+ MP+9 Stlth+}
rCold    + . .     Gourm    .   g - +0 shield {reflect}
rNeg     . . .     Faith    .   v - +4 troll leather armour {Snorg}
rPois    +         Spirit   .   E - +2 hat {SInv}
rElec    .         Reflect  +   k - +2 cloak {+Inv}
rCorr    .         Harm     .   d - +2 pair of gloves {Str+3}
MR       ++...                  X - +2 pair of boots "Boucrube" {Int+3}
Stlth    +++.......             r - amulet "Weham" {rPois Regen+ Str+5}
HPRegen  1.15/turn              F - ring of protection from cold {rC+}
MPRegen  0.25/turn              O - ring of wizardry {Wiz+}

@: very slightly contaminated, invisible
A: small, mutation resistance 1
}: 2/15 runes: barnacled, gossamer
a: Heroism, Finesse, Renounce Religion


You were on level 1 of the Vaults.
You worshipped Okawaru.
Okawaru was extremely pleased with you.
You were not hungry.

You visited 7 branches of the dungeon, and saw 33 of its levels.
You visited 1 bazaar.
You also visited: Labyrinth and Ice Cave.

You collected 2926 gold pieces.
You spent 1844 gold pieces at shops.

Inventory:

Hand Weapons
 a - the +8 fustibalus "Cinnoih" (weapon) {flame, MR+ MP+9 Stlth+}
   (Okawaru gifted it to you on level 3 of the Lair of Beasts)

   It causes projectiles fired from it to burn those they strike, causing extra
   injury to most foes and up to half again as much damage against particularly
   susceptible opponents.
   It affects your resistance to hostile enchantments.
   It affects your magic capacity (+9).
   It makes you more stealthy.
 b - the +7 hunting sling "Tuyz" {velocity, rC+}
   (Okawaru gifted it to you on level 5 of the Lair of Beasts)

   Any stone fired from it inflicts extra damage.
   It protects you from cold.
 G - a +2 rapier of electrocution
   (You took it off Nikola on level 1 of the Spider Nest)
Missiles
 j - 9 throwing nets {=f}
 q - 235 sling bullets (quivered)
 s - 727 stones
Armour
 d - a +2 pair of gloves of strength (worn)
   (You bought it in a shop in a bazaar)
 g - a +0 shield of reflection (worn)
   (You took it off Donald on level 1 of the Shoals)
 k - a +2 cloak of invisibility (worn)
   (You took it off Nikola on level 1 of the Spider Nest)
 v - a +4 troll leather armour (worn) {Snorg}
   (You found it on level 12 of the Dungeon)
 E - a +2 hat of see invisible (worn)
   (You found it in an ice cave)
 Q - the +1 scale mail "Moss" {Str+4, unknown}
   (You found it on level 4 of the Shoals)

   It affects your strength (+4).
 R - the +7 ring mail "Tequtres" {*Contam rF+ rCorr Dex+6}
   (You took it off a merfolk on level 3 of the Shoals)

   It affects your dexterity (+6).
   It protects you from fire.
   It causes magical contamination when unequipped.
   It protects you from acid and corrosion.
 S - a +2 hat of magic resistance
   (Okawaru gifted it to you on level 2 of the Spider Nest)
 X - the +2 pair of boots "Boucrube" (worn) {Int+3}
   (Okawaru gifted it to you on level 3 of the Lair of Beasts)

   It affects your intelligence (+3).
 Z - a +1 shield of protection
   (Okawaru gifted it to you on level 1 of the Spider Nest)
Jewellery
 n - an uncursed ring of protection from fire {rF+}
   (You found it on level 1 of the Vaults)
 r - the amulet "Weham" (around neck) {rPois Regen+ Str+5}
   (You found it on level 3 of the Lair of Beasts)

   [amulet of regeneration]

   It affects your strength (+5).
   It protects you from poison.
   It increases your rate of regeneration.
 y - an uncursed ring of protection from fire {rF+}
   (You found it on level 4 of the Spider Nest)
 C - the ring "Fucol" {rC+ Str+3 SInv, unknown}
   (You found it on level 4 of the Shoals)

   [ring of strength]

   It affects your strength (+3).
   It protects you from cold.
   It lets you see invisible.
 F - a ring of protection from cold (left hand) {rC+}
   (You found it on level 11 of the Dungeon)
 O - a ring of wizardry (right hand) {Wiz+}
   (You took it off Josephine on level 6 of the Lair of Beasts)
 V - the ring of the Sun {*Corrode rC+ MR++ Int+2 Dex+4}
   (You found it on level 3 of the Lair of Beasts)

   [ring of dexterity]

   It affects your intelligence (+2).
   It affects your dexterity (+4).
   It protects you from cold.
   It affects your resistance to hostile enchantments.
   It may corrode you when you take damage.
Wands
 A - a wand of acid (4)
   (You took it off Maurice on level 1 of the Orcish Mines)
 D - a wand of digging (18)
   (You found it on level 14 of the Dungeon)
 M - a wand of paralysis (42)
   (You found it on level 1 of the Lair of Beasts)
 P - a wand of enslavement (15)
   (You found it on level 1 of the Spider Nest)
 Y - a wand of iceblast (10)
   (You found it on level 6 of the Lair of Beasts)
Scrolls
 e - 3 scrolls of magic mapping {!r}
 l - 2 scrolls of blinking {!r}
 m - a scroll of fog
 o - 14 scrolls of remove curse
 t - 3 scrolls of teleportation
 T - 7 scrolls of fear
Potions
 c - 9 potions of curing
 h - 7 potions of heal wounds
 u - 6 potions of ambrosia
 w - a potion of agility
 x - 2 potions of cancellation
 z - 2 potions of brilliance
 B - 6 potions of might
 H - 3 potions of resistance
 J - a potion of invisibility
 K - 7 potions of magic
 L - 2 potions of haste
 N - a potion of berserk rage {!q}
 W - 2 potions of mutation {!q!q}
Miscellaneous
 p - 2 phantom mirrors
 I - 2 sacks of spiders
 U - a lamp of fire
   (You found it on level 3 of the Lair of Beasts)
Comestibles
 f - 47 rations
 i - 11 chunks of flesh


   Skills:
 + Level 18.4 Fighting
 - Level 14.0 Slings
 - Level 7.0 Armour
 + Level 18.9 Dodging
 + Level 11.4 Shields
 - Level 1.0 Spellcasting
 - Level 4.0 Hexes
 + Level 8.5 Translocations
 - Level 9.0 Invocations
 - Level 10.0 Evocations


You had 11 spell levels left.
You knew the following spells:

 Your Spells              Type           Power        Failure   Level  Hunger
a - Portal Projectile     Hex/Tloc       ###...       6%          3    ####...
b - Corona                Hex            ##.....      4%          1    ##.....
c - Passage of Golubria   Tloc           N/A          8%          4    #####..
B - Blink                 Tloc           N/A          1%          2    ###....

Your spell library contained the following spells:

 Spells                   Type           Power        Failure   Level  Hunger
 Cause Fear               Hex            ##........   41%         4    #####..
 Magic Dart               Conj           #...         24%         1    ##.....
 Fireball                 Conj/Fire      #.........   99%         5    ######.
 Conjure Flame            Conj/Fire      #.......     54%         3    ####...
 Bolt of Magma            Conj/Fire/Erth #.........   99%         5    ######.
 Slow                     Hex            ##......     7%          2    ###....
 Confuse                  Hex            ##......     14%         3    ####...
 Throw Flame              Conj/Fire      #.....       32%         2    ###....
 Freezing Cloud           Conj/Ice/Air   #.........   100%        6    #######
 Mephitic Cloud           Conj/Pois/Air  #.......     54%         3    ####...
 Ring of Flames           Chrm/Fire      #.........   100%        7    #######
 Venom Bolt               Conj/Pois      #.........   99%         5    ######.
 Teleport Other           Tloc           ####....     2%          3    ####...
 Iskenderun's Mystic Bla  Conj           #.......     90%         4    #####..
 Animate Dead             Necr           N/A          90%         4    #####..
 Pain                     Necr           #...         24%         1    ##.....
 Animate Skeleton         Necr           N/A          24%         1    ##.....
 Vampiric Draining        Necr           #.........   54%         3    ####...
 Sticky Flame             Conj/Fire      #.......     90%         4    #####..
 Call Imp                 Summ           #.......     32%         2    ###....
 Regeneration             Chrm/Necr      #.........   54%         3    ####...
 Corpse Rot               Necr           N/A          32%         2    ###....
 Iron Shot                Conj/Erth      #.........   100%        6    #######
 Spider Form              Tmut/Pois      #.........   54%         3    ####...
 Blade Hands              Tmut           #.........   99%         5    ######.
 Ice Form                 Ice/Tmut       #.......     90%         4    #####..
 Throw Icicle             Conj/Ice       #.......     90%         4    #####..
 Shadow Creatures         Summ           N/A          100%        6    #######
 Confusing Touch          Hex            ##....       4%          1    ##.....
 Flame Tongue             Conj/Fire      #....        24%         1    ##.....
 Passwall                 Tmut/Erth      #.......     32%         2    ###....
 Ensorcelled Hibernation  Hex/Ice        #.....       16%         2    ###....
 Metabolic Englaciation   Hex/Ice        #.........   94%         5    ######.
 Silence                  Hex/Air        #.........   94%         5    ######.
 Sandblast                Erth           #.....       24%         1    ##.....
 Petrify                  Tmut/Erth      #.......     90%         4    #####..
 Orb of Destruction       Conj           #.........   100%        7    #######
 Leda's Liquefaction      Hex/Erth       #.........   67%         4    #####..
 Darkness                 Hex            ##........   99%         6    #######
 Shroud of Golubria       Chrm/Tloc      ###.......   6%          2    ###....
 Inner Flame              Hex/Fire       #.......     30%         3    ####...
 Iskenderun's Battlesphe  Conj/Chrm      #.......     99%         5    ######.
 Fulminant Prism          Conj/Hex       #.........   67%         4    #####..
 Dazzling Spray           Conj/Hex       #.....       30%         3    ####...
 Force Lance              Conj/Tloc      ###.....     38%         4    #####..
 Searing Ray              Conj           #.....       32%         2    ###....
 Spellforged Servitor     Conj/Summ      #.........   100%        7    #######
 Gell's Gravitas          Tloc           ####......   2%          3    ####...
 Yara's Violent Unravell  Hex/Tmut       #.........   94%         5    ######.
 Lesser Beckoning         Tloc           ####......   2%          3    ####...
 Poisonous Vapours        Pois/Air       #.....       32%         2    ###....
 Borgnjor's Vile Clutch   Necr/Erth      #.........   99%         5    ######.


Dungeon Overview and Level Annotations

Branches:
Dungeon (15/15)            Temple (1/1) D:6            Lair (6/6) D:10
 Shoals (4/4) Lair:4       Spider (4/4) Lair:3        Slime (0/5) Lair:5
    Orc (2/2) D:11            Elf (0/3) Orc:2        Vaults (1/5) D:13
 Depths (0/5) D:15

Altars:
Ashenzari
Cheibriados
Dithmenos
Elyvilon
Fedhas
Gozag
Hepliaklqana
Kikubaaqudgha
Makhleb
Nemelex Xobeh
Okawaru
Qazlal
Ru
Sif Muna
Trog
Uskayaw
Vehumet
Wu Jian
Xom
Yredelemnul
Zin
The Shining One
Beogh

Shops:
D:5 :   D:10 :   D:11 *}*=[   D:14 %   Orc:1 :   Orc:2 [**(%   Shoals:4 :

Annotations:
D:2 Sigmund
D:6 exclusion: 2 doors
D:9 Gastronok
Lair:6 1 runed door


Innate Abilities, Weirdness & Mutations

You are small and have problems with some larger weapons.
You are somewhat resistant to further mutation.


Message History

The bolt dissolves into shadows!
You hear a shout!
The yaktaur shoots a bolt.
You reflect the bolt off your +0 shield of reflection!
The bolt hits the yaktaur!!
The bolt disappears in a puff of smoke!
The glowing orange brain blinks!
The yaktaur shoots a bolt.
The bolt completely misses you.
The bolt dissolves into shadows!
The unseen horror completely misses you.
The unseen horror closely misses you.
The glowing orange brain blinks!
The yaktaur shoots a bolt.
The bolt hits you!
* * * LOW HITPOINT WARNING * * *
The bolt dissolves into shadows!
The unseen horror hits you.
* * * LOW HITPOINT WARNING * * *
Casting: Passage of Golubria (safe; 8% risk of failure)
Confirm with . or Enter, or press ? or * to list all spells.
You blink.
An ironbrand convoker comes into view. It is wielding a morningstar.
The ironbrand convoker shouts!
The yaktaur shoots a bolt.
The bolt completely misses the unseen horror.
You reflect the bolt off your +0 shield of reflection!
The bolt hits the unseen horror!!
The unseen horror dies!
The bolt disappears in a puff of smoke!
The ironbrand convoker casts a spell at something.
The yaktaur captain shoots a bolt.
You reflect the bolt off your +0 shield of reflection!
The bolt hits the yaktaur captain!!
The bolt disappears in a puff of smoke!
A salamander comes into view.
Your surroundings suddenly seem different.
A vault warden comes into view. It is wielding a battleaxe of venom.
The vault warden shouts!
A vault warden comes into view.
It is wielding a great sword of electrocution.
The vault warden shouts!
A vault sentinel comes into view. It is wielding a falchion of freezing.
The vault sentinel shouts!
A stone giant comes into view.
An orc comes into view. It is wielding a short sword.
The salamander moves out of view.
The stone giant shouts!
Press: ? - help, v - describe, . - travel
Here: a stone giant The floor.
Unknown command.
You fade into invisibility!
You are very lightly contaminated with residual magic.
You feel quite a bit more hungry. You block the vault warden's attack.
The vault sentinel throws a stone.
The stone closely misses you.
The stone giant throws a large rock.
The large rock barely misses you.
The vault sentinel drinks a potion.
The vault sentinel suddenly seems more agile.
The stone giant throws a large rock.
The large rock barely misses the vault warden.
You reflect the large rock off your +0 shield of reflection!
The large rock hits the vault warden!
You see here a large rock {!d}.
The stone giant throws a large rock.
The large rock hits the vault warden!!
You see here a stone.
The vault warden activates a sealing rune.
A door slams shut!
The vault sentinel blows a loud note on a signal horn!
You hear a shout!
The vault sentinel blows a loud note on a signal horn!
Evoke which item? (* to show all) (? for menu, Esc to quit)
Aiming: Paralyse
Press: ? - help, Shift-Dir - straight line, f - vault warden
Aim: a vault warden, wielding a battleaxe of venom and wearing a plate armour (moderately wounded, chance to defeat MR: 37%)
The vault warden suddenly stops moving!
Evoke which item? (* to show all) (? for menu, Esc to quit)
Aiming: Iceblast
Press: ? - help, Shift-Dir - straight line, f/p - vault warden
Aim: a vault warden, wielding a battleaxe of venom and wearing a plate armour (moderately wounded, paralysed)
The mass of ice explodes!
The iceblast engulfs the vault warden. x2
An orc warrior comes into view. It is wielding a trident.
Evoke which item? (* to show all) (? for menu, Esc to quit)
Aiming: Iceblast
Press: ? - help, Shift-Dir - straight line, f/p - vault warden
Aim: a vault warden, wielding a battleaxe of venom and wearing a plate armour (heavily wounded, paralysed)
The mass of ice explodes!
The iceblast engulfs the vault warden. x2
Evoke which item? (* to show all) (? for menu, Esc to quit)
Aiming: Iceblast
Press: ? - help, Shift-Dir - straight line, p - vault warden The mass of ice explodes!
The iceblast engulfs the vault sentinel.
The iceblast engulfs the vault warden. x2
The vault warden hits you with a great sword of electrocution.
The stone giant throws a large rock.
The large rock hits the vault warden!!
The vault warden dies!
The runic seal fades away.
Firing (i - inventory. (/) - cycle)
q - 236 sling bullets (quivered)
Press: ? - help, Shift-Dir - straight line, f - vault warden
Aim: a vault warden, wielding a great sword of electrocution and wearing a plate armour (heavily wounded)
You shoot a sling bullet. The sling bullet hits the vault warden!
The sling bullet burns the vault warden.
The vault sentinel blows a loud note on a signal horn!
An orc knight comes into view. It is wielding a battleaxe.
The vault warden hits you with a great sword of electrocution!!
* * * LOW HITPOINT WARNING * * *
You are electrocuted!
You die...

#...#...(#
# #..oo#
#.C..#
#...o#
#....#
#..p.+
#..(.#
#..p.#
#..@.#
#....#
#....#
#....#
#....#
#....#
#....#
######


You could see a stone giant, a vault warden, an orc knight, a vault sentinel, an
orc warrior and an orc (wandering).

Vanquished Creatures
  Nikola (Spider:1)
  Arachne (Spider:3)
  The ghost of D1HalberdGnoll the Warrior, an adept DrFE of Vehumet (D:15)
  An Ice Fiend (IceCv)
  Polyphemus (Shoals:3)
  4 krakens (Shoals:3)
  Agnes (Spider:1)
  Donald (Shoals:1)
  Ilsuiw (Shoals:4)
  3 emperor scorpions
  Aizul (Spider:3)
  4 ghost moths
  A minotaur (Lab)
  A spark wasp (Spider:4)
  7 merfolk javelineers
  Snorg (D:12)
  6 merfolk impalers
  Josephine (Lair:6)
  3 ogre magi (Vaults:1)
  9 hydras
  8 merfolk aquamancers
  3 alligator snapping turtles
  2 death yaks (Shoals:3)
  11 two-headed ogres
  4 satyrs
  A catoblepas (Shoals:3)
  4 centaur warriors
  2 merfolk avatars (Shoals:4)
  A death knight (D:15)
  9 orc high priests (Orc:2)
  An unseen horror (D:15)
  5 skeletal warriors
  9 sea snakes
  2 wizards (Vaults:1)
  3 orc knights
  5 lindwurms
  2 phantasmal warriors (D:15)
  16 harpies
  3 necromancers
  12 deep elf magi
  2 orc sorcerers (Orc:2)
  An orb spider (shapeshifter) (D:13)
  9 ugly things
  17 fauns
  37 wolf spiders
  9 manticores
  4 cyclopes
  22 orb spiders
  A moth of wrath (Spider:2)
  2 guardian serpents
  An ice statue (IceCv)
  Maurice (Orc:1)
  5 black mambas
  13 merfolk sirens
  A frost giant skeleton (D:15)
  5 elephants
  A water nymph (shapeshifter) (Vaults:1)
  18 spiny frogs
  3 water nymphs
  3 gargoyles
  9 yaktaurs (Vaults:1)
  8 torpor snails
  A yaktaur zombie (D:15)
  3 komodo dragons
  2 kobold demonologists (D:14)
  6 freezing wraiths
  3 rime drakes
  A yaktaur (shapeshifter) (D:13)
  5 ice devils (IceCv)
  15 demonic crawlers
  2 golden dragon simulacra (IceCv)
  3 anaconda simulacra (IceCv)
  A minotaur skeleton (Lab)
  A guardian mummy (D:15)
  6 meliai
  4 trolls
  34 jumping spiders
  4 wind drakes
  37 merfolk
  21 hornets
  A polar bear (Lair:6)
  11 slime creatures
  2 wolf spider simulacra
  13 blink frogs
  4 tyrant leeches (Lair:6)
  7 snapping turtles
  A fire dragon zombie (D:15)
  11 hippogriffs
  A snapping turtle (shapeshifter) (D:15)
  2 dream sheep (Shoals:1)
  A meliai zombie (D:11)
  An ettin skeleton (D:15)
  A vampire (D:12)
  48 redbacks
  4 flying skulls (D:11)
  15 water elementals
  2 dire elephant simulacra (IceCv)
  8 wraiths
  6 shadows
  40 yaks
  10 wyverns
  2 fire bats (Orc:2)
  38 tarantellas
  A basilisk (D:15)
  A hungry ghost (D:10)
  Grum (D:9)
  A steam dragon (D:15)
  Eustachio (D:7)
  2 death yak simulacra (IceCv)
  7 vampire mosquitoes (D:13)
  4 harpy simulacra (IceCv)
  An iron troll simulacrum (IceCv)
  10 wargs
  2 acid dragons
  23 water moccasins
  Duvessa (D:5)
  2 hydra simulacra (IceCv)
  18 orc warriors
  4 porcupines
  5 sky beasts
  4 ice beasts
  A black bear (D:13)
  An ettin simulacrum (IceCv)
  2 necrophages
  3 phantoms
  A hornet zombie (D:7)
  9 ogres
  15 centaurs
  An eye of draining (D:15)
  23 wolves
  18 crocodiles
  A crocodile (shapeshifter) (Vaults:1)
  A big kobold (D:8)
  Blork the orc (D:5)
  18 bullfrogs
  A water moccasin zombie (D:11)
  Dowan (D:5)
  A wyvern skeleton (D:13)
  3 scorpions
  A water moccasin skeleton (D:6)
  5 killer bees
  4 vampire bats (Lair:6)
  21 wights
  An electric eel (Lair:1)
  6 crimson imps
  8 centaur zombies
  2 howler monkeys (D:10)
  4 bullfrog zombies (D:11)
  A lava snake (Orc:2)
  A human simulacrum (Vaults:1)
  3 hounds
  A jelly (D:6)
  Crazy Yiuf (D:2)
  39 orc priests
  4 bullfrog skeletons (D:11)
  4 centaur skeletons
  4 iguanas
  19 orc wizards
  4 troll simulacra (IceCv)
  Ijyb (D:3)
  9 worker ants
  2 polar bear simulacra (IceCv)
  A spriggan simulacrum (IceCv)
  A wolf simulacrum (IceCv)
  A killer bee zombie (D:7)
  2 hound zombies
  2 hound skeletons
  A howler monkey zombie (D:9)
  5 worker ant zombies
  A naga simulacrum (IceCv)
  6 adders
  6 gnolls
  4 ogre simulacra (IceCv)
  A shadow imp (D:6)
  3 white imps (IceCv)
  5 ufetubi (IceCv)
  2 adder skeletons
  An adder zombie (D:6)
  2 worms
  5 dart slugs
  8 leopard geckos
  128 orcs
  5 giant cockroaches
  3 goblins (D:1)
  A hobgoblin (D:1)
  2 jackals (D:6)
  5 kobolds
  7 quokkas
  3 ball pythons
  8 bats
  3 frilled lizards
  A jackal skeleton (D:7)
  A quokka skeleton (D:4)
  2 quokka zombies (D:6)
  6 rats
  A plant (Shoals:2)
  13 tentacles (Shoals:3)
1282 creatures vanquished.

Vanquished Creatures (collateral kills)
  A black mamba (Lair:6)
  A tarantella (Spider:3)
2 creatures vanquished.

Vanquished Creatures (others)
  A vault warden (Vaults:1)
  A merfolk avatar (Shoals:4)
  An unseen horror (Vaults:1)
  A harpy (Shoals:4)
  A faun (Shoals:2)
  A cyclops (Shoals:4)
  A merfolk siren (Shoals:4)
  A yaktaur (Vaults:1)
  2 water elementals
  An ogre (D:6)
  2 white imps (IceCv)
  An ufetubus (IceCv)
  A bush (Lair:6)
  19 fungi
  37 plants
  62 tentacles (Shoals:3)
  6 withered plants (D:15)
139 creatures vanquished.

Grand Total: 1423 creatures vanquished

Notes
Turn   | Place    | Note
-------+----------+-------------------------------------------
     0 | D:1      | RKaid the Halfling Arcane Marksman began the quest for the Orb.
     0 | D:1      | Reached XP level 1. HP: 12/12 MP: 2/2
    16 | D:1      | Reached skill level 1 in Fighting
   114 | D:1      | Reached XP level 2. HP: 18/18 MP: 3/3
   198 | D:1      | Reached skill level 4 in Slings
   654 | D:1      | Reached XP level 3. HP: 23/23 MP: 4/4
   712 | D:1      | Learned a level 3 spell: Portal Projectile
  1313 | D:2      | Noticed Sigmund
  1343 | D:2      | Reached skill level 5 in Slings
  1423 | D:2      | Found a glowing silver altar of Zin.
  1521 | D:2      | Reached XP level 4. HP: 29/29 MP: 5/5
  1641 | D:2      | Found a runed door.
  1895 | D:2      | Noticed Crazy Yiuf
  1909 | D:2      | HP: 5/29 [Crazy Yiuf/quarterstaff of chaos (7)]
  1922 | D:2      | Killed Crazy Yiuf
  1922 | D:2      | Reached skill level 2 in Fighting
  2368 | D:3      | Reached skill level 6 in Slings
  2368 | D:3      | Reached XP level 5. HP: 26/34 MP: 6/6
  2589 | D:3      | Noticed Ijyb
  3022 | D:3      | Paralysed by Ijyb for 6 turns
  3031 | D:3      | Killed Ijyb
  3348 | D:4      | Reached skill level 7 in Slings
  3348 | D:4      | Reached XP level 6. HP: 41/41 MP: 7/7
  3369 | D:4      | Reached skill level 3 in Fighting
  3714 | D:4      | Reached skill level 8 in Slings
  3898 | D:4      | Found a burning altar of Makhleb.
  4222 | D:5      | Entered Level 5 of the Dungeon
  4246 | D:5      | Noticed a sky beast
  4302 | D:5      | Noticed Duvessa
  4308 | D:5      | Noticed Dowan
  4320 | D:5      | Killed Duvessa
  4320 | D:5      | Reached XP level 7. HP: 41/46 MP: 8/8
  4335 | D:4      | Reached skill level 9 in Slings
  4344 | D:4      | HP: 11/47 [poisoned by a worker ant]
  4349 | D:4      | HP: 9/47 [poisoned by a worker ant]
  4355 | D:4      | HP: 8/47 [poisoned by a worker ant]
  4363 | D:4      | HP: 7/47 [poisoned by a worker ant]
  4646 | D:5      | Killed Dowan
  4777 | D:5      | Noticed Blork the orc
  4792 | D:5      | Killed Blork the orc
  4861 | D:5      | Reached skill level 4 in Fighting
  5110 | D:5      | Reached skill level 10 in Slings
  5110 | D:5      | Reached XP level 8. HP: 44/54 MP: 9/9
  5572 | D:5      | Found Emaberrako's Book Emporium.
  5663 | D:5      | Bought a book of Minor Magic for 280 gold pieces
  5666 | D:5      | Learned a level 2 spell: Blink
  5874 | D:6      | Found a staircase to the Ecumenical Temple.
  5946 | D:6      | Reached skill level 11 in Slings
  5987 | D:6      | Reached skill level 1 in Translocations
  6293 | D:6      | Reached skill level 5 in Fighting
  6521 | D:6      | Reached skill level 3 in Hexes
  6521 | D:6      | Reached skill level 2 in Translocations
  6666 | D:6      | Reached XP level 9. HP: 50/61 MP: 10/10
  6826 | D:6      | Found a glowing golden altar of the Shining One.
  6941 | D:6      | Reached skill level 12 in Slings
  6951 | D:6      | Reached skill level 3 in Translocations
  7266 | D:6      | Found a shattered altar of Ashenzari.
  7273 | D:6      | Found a white marble altar of Elyvilon.
  7273 | D:6      | Found a basalt altar of Yredelemnul.
  7286 | D:6      | Found a snail-covered altar of Cheibriados.
  7286 | D:6      | Found an ancient bone altar of Kikubaaqudgha.
  7371 | Temple   | Entered the Ecumenical Temple
  7503 | Temple   | Became a worshipper of Warmaster Okawaru
  7961 | D:7      | Reached skill level 4 in Hexes
  8024 | D:7      | Reached skill level 4 in Translocations
  8072 | D:7      | Reached skill level 6 in Fighting
  8096 | D:7      | Reached skill level 3 in Dodging
  8130 | D:7      | HP: 12/62 [hornet zombie (13)]
  8250 | D:7      | Reached * piety under Okawaru
  8363 | D:7      | Reached skill level 4 in Dodging
  8529 | D:7      | Found an ornate altar of the Wu Jian Council.
  8530 | D:7      | Found a sacrificial altar of Ru.
  8785 | D:8      | Reached skill level 1 in Invocations
  8785 | D:8      | Reached XP level 10. HP: 61/69 MP: 11/11
  8797 | D:8      | Reached skill level 5 in Dodging
  9019 | D:8      | Noticed Eustachio
  9059 | D:7      | Killed Eustachio
  9059 | D:7      | Reached skill level 2 in Invocations
  9251 | D:8      | Reached ** piety under Okawaru
  9251 | D:8      | Reached skill level 6 in Dodging
  9338 | D:8      | Reached skill level 3 in Invocations
  9516 | D:8      | Reached skill level 7 in Fighting
 10036 | D:9      | Reached skill level 7 in Dodging
 10079 | D:9      | Noticed Gastronok
 10403 | D:9      | Reached skill level 4 in Invocations
 10423 | D:9      | Noticed Grum
 10457 | D:9      | Killed Grum
 10457 | D:9      | Reached *** piety under Okawaru
 10578 | D:9      | Found a bloodstained altar of Trog.
 10645 | D:10     | Entered Level 10 of the Dungeon
 10698 | D:10     | Found a staircase to the Lair.
 10841 | D:10     | Reached skill level 8 in Dodging
 10961 | D:10     | Reached XP level 11. HP: 76/76 MP: 14/14
 11085 | D:10     | Found Cesazuso's Book Boutique.
 11154 | D:10     | Reached skill level 5 in Invocations
 11255 | D:10     | Found a white marble altar of Elyvilon.
 11377 | D:10     | Reached **** piety under Okawaru
 11377 | D:10     | Reached skill level 9 in Dodging
 11555 | D:10     | Reached skill level 8 in Fighting
 11940 | Lair:1   | Entered Level 1 of the Lair of Beasts
 12006 | Lair:1   | Found a hide-covered altar of Uskayaw.
 12055 | Lair:1   | Received a gift from Okawaru
 12407 | Lair:1   | Reached skill level 6 in Invocations
 12484 | Lair:1   | Reached skill level 10 in Dodging
 12685 | Lair:1   | Received a gift from Okawaru
 12977 | Lair:1   | Upgraded the game from 0.22-a0-448-g1fb7470005 to 0.22-a0-460-g49b1da7e92
 13440 | Lair:2   | Reached ***** piety under Okawaru
 13574 | Lair:2   | Reached skill level 7 in Invocations
 13580 | Lair:2   | Reached skill level 11 in Dodging
 13580 | Lair:2   | Reached XP level 12. HP: 59/84 MP: 17/17
 13733 | Lair:2   | Noticed a seven-headed hydra
 13797 | Lair:2   | Killed a seven-headed hydra
 13797 | Lair:2   | Reached skill level 9 in Fighting
 14257 | Lair:3   | Noticed a four-headed hydra
 14388 | Lair:3   | Noticed a four-headed hydra
 14417 | Lair:3   | Found a labyrinth entrance.
 14420 | Lair:3   | Noticed a four-headed hydra
 14426 | Lab      | Entered a labyrinth
 14754 | Lab      | Noticed a minotaur
 14775 | Lab      | HP: 18/85 [minotaur/great sword (22)]
 14780 | Lab      | Killed a minotaur
 14780 | Lab      | Received a gift from Okawaru
 14865 | Lab      | Identified the Compendium of Earthen Transmigration
 14866 | Lab      | Got a faintly glowing war axe
 14866 | Lab      | Got a smoking robe
 14945 | Lair:3   | Reached skill level 8 in Invocations
 14949 | Lair:3   | Reached skill level 12 in Dodging
 14973 | Lair:3   | Killed a four-headed hydra
 14995 | Lair:3   | Received a gift from Okawaru
 15093 | Lair:3   | Found a hole to the Spider Nest.
 15208 | Lair:3   | Killed a four-headed hydra
 15208 | Lair:3   | Received a gift from Okawaru
 15209 | Lair:3   | Got a pitted fustibalus {god gift}
 15776 | Lair:3   | Identified the +8 fustibalus "Cinnoih" {flame, MR+ MP+9 Stlth+} (Okawaru gifted it to you on level 3 of the Lair of Beasts)
 15777 | Lair:3   | thanks Oka!
 15903 | Lair:3   | Reached skill level 13 in Dodging
 15903 | Lair:3   | Reached XP level 13. HP: 81/92 MP: 19/19
 15922 | Lair:3   | Reached skill level 9 in Invocations
 15955 | Lair:3   | Reached skill level 10 in Fighting
 15966 | Lair:3   | Received a gift from Okawaru
 15966 | Lair:3   | Reached skill level 1 in Evocations
 15969 | Lair:3   | Got a pair of warped boots {god gift}
 16084 | Lair:3   | Got a bound turquoise ring
 16093 | Lair:3   | Identified the +2 pair of boots "Boucrube" {Int+3} (Okawaru gifted it to you on level 3 of the Lair of Beasts)
 16166 | Lair:3   | Killed a four-headed hydra
 16415 | Lair:4   | Found a staircase to the Shoals.
 16511 | Lair:4   | Reached skill level 2 in Evocations
 16713 | Lair:4   | Noticed an eight-headed hydra
 16741 | Lair:4   | Killed an eight-headed hydra
 16821 | Lair:4   | Reached skill level 3 in Evocations
 16866 | Lair:4   | Identified the ring of the Sun {*Corrode rC+ MR++ Int+2 Dex+4} (You found it on level 3 of the Lair of Beasts)
 17129 | Lair:4   | Reached skill level 13 in Slings
 17889 | Lair:5   | Reached skill level 11 in Fighting
 18003 | Lair:5   | Noticed a four-headed hydra
 18013 | Lair:5   | Killed a four-headed hydra
 18013 | Lair:5   | Received a gift from Okawaru
 18016 | Lair:5   | Got a transparent hunting sling {god gift}
 18023 | Lair:5   | Found a bloodstained altar of Trog.
 18220 | Lair:5   | Reached ****** piety under Okawaru
 18587 | Lair:5   | Found a staircase to the Slime Pits.
 18688 | Lair:6   | Entered Level 6 of the Lair of Beasts
 18755 | Lair:5   | Reached skill level 4 in Evocations
 19048 | Lair:6   | Reached XP level 14. HP: 80/101 MP: 20/20
 19078 | Lair:6   | Received a gift from Okawaru
 19154 | Lair:6   | Identified the +1 robe of Coawn {rF+ Slay+3} (You found it in a labyrinth)
 19209 | Lair:6   | Received a gift from Okawaru
 19382 | Lair:6   | Reached skill level 14 in Dodging
 19447 | Lair:6   | Found a runed door.
 19473 | Lair:6   | Reached skill level 5 in Evocations
 19501 | Lair:6   | Paralysed by a hornet for 3 turns
 19520 | Lair:6   | Reached skill level 14 in Slings
 19526 | Lair:6   | Received a gift from Okawaru
 19526 | Lair:6   | Reached skill level 12 in Fighting
 19837 | Lair:6   | Paralysed by a hornet for 1 turns
 19846 | Lair:6   | Received a gift from Okawaru
 20026 | Lair:6   | Identified the +7 hunting sling "Tuyz" {velocity, rC+} (Okawaru gifted it to you on level 5 of the Lair of Beasts)
 20328 | Lair:6   | Noticed Josephine
 20336 | Lair:6   | Killed Josephine
 21195 | Lair:3   | Got a heavily runed crystal amulet
 21216 | Lair:3   | Identified the amulet "Weham" {rPois Regen+ Str+5} (You found it on level 3 of the Lair of Beasts)
 21366 | D:11     | Reached skill level 13 in Fighting
 21445 | D:11     | Found Dofy's Jewellery Boutique.
 21684 | D:11     | Found a staircase to the Orcish Mines.
 21807 | D:11     | Found Leugg's Gadget Boutique.
 21888 | D:11     | Found Wighab's General Store.
 21896 | D:11     | Bought a throwing net for 42 gold pieces
 21950 | D:11     | Found Mobelof's Assorted Antiques.
 21953 | D:11     | Bought a scroll of identify for 56 gold pieces
 21964 | D:11     | Bought a glowing ivory wand for 112 gold pieces
 22213 | D:11     | Reached XP level 15. HP: 99/111 MP: 21/21
 22249 | D:11     | Received a gift from Okawaru
 22258 | D:11     | Reached skill level 15 in Dodging
 22446 | D:11     | Received a gift from Okawaru
 22482 | D:11     | Found Jubaong's Antique Armour Shop.
 22490 | D:11     | Bought a pair of embroidered gloves for 180 gold pieces
 22495 | D:11     | Bought a pair of glowing boots for 180 gold pieces
 22885 | D:12     | Noticed Snorg
 22903 | D:12     | Killed Snorg
 22934 | D:12     | Reached skill level 14 in Fighting
 23558 | Orc:1    | Entered Level 1 of the Orcish Mines
 23578 | Orc:1    | Noticed Maurice
 23670 | Orc:1    | Killed Maurice
 23784 | Orc:1    | Found Mutoo's Book Shop.
 23811 | Orc:2    | Entered Level 2 of the Orcish Mines
 24046 | Orc:2    | Received a gift from Okawaru
 24426 | Orc:2    | Found Watoff's Food Boutique.
 24426 | Orc:2    | Found Sopumi's Weapon Shoppe.
 24449 | Orc:2    | Found a roughly hewn altar of Beogh.
 24658 | Orc:2    | Found Epiateu's Assorted Antiques.
 24658 | Orc:2    | Found Qiwk's General Store.
 24724 | Orc:2    | Found Raetey's Armour Boutique.
 24771 | Orc:2    | Found a staircase to the Elven Halls.
 25061 | Orc:2    | Bought a scroll of identify for 46 gold pieces
 25061 | Orc:2    | Identified the +5 war axe "Ogrebane" {chop, rN++} (You found it in a labyrinth)
 25731 | D:13     | Reached skill level 15 in Fighting
 25731 | D:13     | Reached skill level 1 in Shields
 25833 | D:13     | Received a gift from Okawaru
 25939 | D:13     | Reached skill level 16 in Dodging
 26036 | D:13     | Reached XP level 16. HP: 122/122 MP: 22/22
 26054 | D:13     | Reached skill level 2 in Shields
 26251 | D:13     | Received a gift from Okawaru
 26547 | D:13     | Found a gate to the Vaults.
 26689 | D:14     | Reached skill level 3 in Shields
 26903 | D:14     | Received a gift from Okawaru
 27196 | D:14     | Received a gift from Okawaru
 27196 | D:14     | Reached skill level 4 in Shields
 27493 | D:14     | Found Lineh's Food Shop.
 27818 | D:15     | Entered Level 15 of the Dungeon
 28051 | D:15     | Reached skill level 5 in Shields
 28157 | D:15     | Noticed D1HalberdGnoll's ghost (adept DrFE)
 28284 | D:15     | Reached skill level 16 in Fighting
 28335 | D:15     | RKaid: !ac 7
 28335 | D:15     | beem: 3.14 armour skill per 1 AC for 7 base AC
 28466 | D:14     | Reached skill level 1 in Armour
 28672 | D:15     | Found a staircase to the Depths.
 28923 | D:15     | Reached skill level 2 in Armour
 29314 | D:15     | Killed D1HalberdGnoll's ghost
 29830 | D:15     | Upgraded the game from 0.22-a0-460-g49b1da7e92 to 0.22-a0-467-g5c5de1cb09
 30050 | Spider:1 | Entered Level 1 of the Spider Nest
 30165 | Spider:1 | Reached skill level 3 in Armour
 30216 | Spider:1 | Received a gift from Okawaru
 30216 | Spider:1 | Reached skill level 6 in Evocations
 30249 | Spider:1 | Reached XP level 17. HP: 116/130 MP: 23/23
 30524 | Spider:1 | Noticed Agnes
 30534 | Spider:1 | Killed Agnes
 30534 | Spider:1 | Reached skill level 4 in Armour
 30860 | Spider:1 | Noticed Nikola
 31068 | Spider:1 | Killed Nikola
 31068 | Spider:1 | Reached skill level 5 in Armour
 31072 | Spider:1 | Reached skill level 7 in Evocations
 31966 | Spider:2 | Received a gift from Okawaru
 32499 | Spider:2 | Reached skill level 6 in Armour
 33078 | Spider:3 | Noticed Aizul
 33099 | Spider:3 | Killed Aizul
 33177 | Spider:3 | Reached skill level 7 in Armour
 33258 | Spider:3 | Reached skill level 8 in Evocations
 33260 | Spider:3 | Reached skill level 17 in Dodging
 33409 | Spider:3 | Noticed Arachne
 33436 | Spider:3 | Killed Arachne
 33436 | Spider:3 | Reached skill level 6 in Shields
 33451 | Spider:3 | Reached XP level 18. HP: 76/137 MP: 24/24
 33583 | Spider:3 | Reached skill level 17 in Fighting
 34394 | Spider:4 | Entered Level 4 of the Spider Nest
 34421 | Spider:4 | Received a gift from Okawaru
 34445 | Spider:4 | Found a frozen archway.
 34449 | IceCv    | Entered an ice cave
 35130 | IceCv    | Noticed an Ice Fiend
 35313 | IceCv    | Killed an Ice Fiend
 35355 | IceCv    | Identified the Handbook of the Unholy Frostbite
 35399 | IceCv    | Got a pair of brightly glowing gloves
 35400 | IceCv    | Identified the cursed -3 pair of gloves of the Eternal Fruit {rF+ Str+2 Dex-2} (You found it in an ice cave)
 35874 | Spider:4 | Reached skill level 7 in Shields
 36145 | Spider:4 | Upgraded the game from 0.22-a0-467-g5c5de1cb09 to 0.22-a0-482-g76e0a5f51a
 36268 | Spider:3 | Received a gift from Okawaru
 36268 | Spider:3 | Reached skill level 9 in Evocations
 36794 | Spider:4 | Received a gift from Okawaru
 36899 | Spider:4 | Received a gift from Okawaru
 36913 | Spider:4 | Received a gift from Okawaru
 36974 | Spider:4 | Got a gossamer rune of Zot
 37151 | Shoals:1 | Entered Level 1 of the Shoals
 37266 | Shoals:1 | Reached skill level 8 in Shields
 37565 | Shoals:1 | Received a gift from Okawaru
 37836 | Shoals:1 | Reached XP level 19. HP: 144/144 MP: 26/26
 37859 | Shoals:1 | Noticed Donald
 37876 | Shoals:1 | Killed Donald
 38061 | Shoals:1 | Reached skill level 10 in Evocations
 38641 | Shoals:2 | Reached skill level 9 in Shields
 38679 | Shoals:2 | Found a gateway to a bazaar.
 38723 | Bazaar   | Entered a bazaar
 38727 | Bazaar   | Found Witiotaf's Jewellery Boutique.
 38746 | Bazaar   | Found Deemekh's Antique Armour Emporium.
 38764 | Bazaar   | Found Ofiham's Book Boutique.
 38782 | Bazaar   | Found Padov's Book Shoppe.
 38820 | Bazaar   | Bought a pair of embroidered gloves for 165 gold pieces
 38834 | Bazaar   | Bought a pitted ring mail for 198 gold pieces
 38834 | Bazaar   | Identified the +3 ring mail "Mecurax" {rC+ Str+2} (You bought it in a shop in a bazaar)
 38891 | Bazaar   | Bought a book of Spatial Translocations for 585 gold pieces
 38921 | Bazaar   | Learned a level 4 spell: Passage of Golubria
 39084 | Shoals:2 | Reached skill level 18 in Dodging
 39369 | Shoals:3 | Noticed Polyphemus
 39393 | Shoals:3 | Killed Polyphemus
 39549 | Shoals:3 | Received a gift from Okawaru
 39595 | Shoals:3 | Reached skill level 5 in Translocations
 40094 | Shoals:3 | Identified a scroll of acquirement
 40167 | Shoals:3 | Got a slimy buckler
 40168 | Shoals:3 | Identified the +0 buckler of Parts Unknown {Str+3} (You acquired it on level 3 of the Shoals)
 40185 | Shoals:3 | Identified the +7 ring mail "Tequtres" {*Contam rF+ rCorr Dex+6} (You took it off a merfolk on level 3 of the Shoals)
 40556 | Shoals:3 | Reached skill level 18 in Fighting
 40695 | Shoals:3 | Reached skill level 10 in Shields
 40790 | Shoals:3 | Reached skill level 6 in Translocations
 41215 | Shoals:4 | Entered Level 4 of the Shoals
 41215 | Shoals:4 | Found Zybraga's Book Shoppe.
 41587 | Shoals:4 | Noticed Ilsuiw
 41618 | Shoals:4 | Killed Ilsuiw
 41923 | Shoals:3 | Reached skill level 7 in Translocations
 41982 | Shoals:3 | Received a gift from Okawaru
 41982 | Shoals:3 | Reached XP level 20. HP: 134/153 MP: 27/27
 41995 | Shoals:3 | Got a slimy hunting sling {god gift}
 42033 | Shoals:3 | Identified the +2 hunting sling of the Curious Ships {velocity, MR+ Int+2 Dex+4} (Okawaru gifted it to you on level 3 of the Shoals)
 42201 | Shoals:4 | Got a barnacled rune of Zot
 42374 | Shoals:4 | Got a bound ivory ring
 42414 | Shoals:4 | Reached skill level 11 in Shields
 42709 | Shoals:4 | Got a warped scale mail
 43165 | Vaults:1 | Entered Level 1 of the Vaults
 43249 | Vaults:1 | Reached skill level 8 in Translocations
 43531 | Vaults:1 | Received a gift from Okawaru
 43803 | Vaults:1 | HP: 34/154 [unseen horror (6)]
 43820 | Vaults:1 | HP: 18/154 [vault warden/great sword of electrocution (33)]
 43820 | Vaults:1 | Slain by a vault warden

Vault maps used:
D:1:      dpeg_arrival_tiny_d, serial_forest, infiniplex_forest_lined_3,
          infiniplex_forest_zigzag_2, infiniplex_forest_clump_tiny,
          infiniplex_forest_side_room, infiniplex_forest_clump_double
D:2:      nicolae_overflow_crystal_walls, uniq_sigmund, uniq_crazy_yiuf_cottage
D:3:      uniq_ijyb
D:4:      nicolae_overflow_hidden_temple
D:5:      first_ration, serial_shops, nicolae_shop_window_shopping,
          uniq_duvessa, uniq_blork_the_orc
D:6:      cheibrodos_two_vegetables, minmay_overflow_temple_star_hex,
          minmay_temple_entry_large_hall, serial_glass, glass_columns_b,
          glass_columns_a, tso_altar
D:7:      gammafunk_temple_overflow_statue, serial_undead, serial_undead_a,
          serial_undead_f, serial_undead_b, serial_undead_a
D:8:      minmay_blocky_corners, blue_anna_alchemist, sword_in_stone
D:9:      marbit_many_paths, serial_column_ruins, column_ruins_hut_water,
          column_ruins_grid_1, column_ruins_grid_3, column_ruins_open_tiny,
          uniq_grum, uniq_gastronok
D:10:     erik_lair_orcish_takeover, serial_shops, shop_statue, elyvilon_altar_5
D:11:     hangedman_screamer, hiddenorc2_lemuel, serial_shops, shop, shop,
          kennysheep_mini_moat, nicolae_shop_statue_plus,
          nicolae_shop_window_shopping
D:12:     elves_outpost_lemuel, uniq_snorg
D:13:     david_vaults_4, nrook_guardian_serpent_double
D:14:     hangedman_decor_points, serial_shops, kennysheep_mini
D:15:     gammafunk_depths_entry_grave, minivault_27
Temple:   hc_temple_tempest_star
Lair:1:   basic_altar, infiniplex_staircase_pool_2, serial_bayou_shore_a,
          grunt_megastairs_3, lemuel_fruit_fields, lemuel_fruit_fields,
          lemuel_fruit_tree
Lair:3:   nicolae_spider_entry_tight_spaces, lab_entry_generic,
          minmay_lindwurm_lava
Lair:4:   shoals_dummy_entry, lemuel_fruit_fields
Lair:5:   dpeg_slime_entry_corner, basic_altar, minivault_11, minivault_24
Lair:6:   wormcave, hangedman_lair_tendril_chambers, roderic_batcave,
          uniq_josephine
Shoals:1: cheibrodos_shoals_satyrical_garden, uniq_donald
Shoals:2: serial_shops, bzr_entry_gold
Shoals:3: nicolae_shoals_kraken_party, uniq_polyphemus
Shoals:4: shoals_end_hangedman, shoals_ilsuiw_ice, serial_shops, shop
Spider:1: uniq_nikola, uniq_agnes
Spider:3: nicolae_spider_mines_3, uniq_arachne, uniq_aizul
Spider:4: spider_rune_water, portal_ice_cave_entry_pillars_four
Orc:1:    basic_altar, serial_shops, nicolae_shop_trees, mines1_david,
          uniq_maurice
Orc:2:    st_orc_town, serial_shops, shop, nicolae_orc_lava_tube
Vaults:1: ontoclasm_vaults_loading_screen, nicolae_vaults_little_squares_3,
          vaults_dpeg_doors, nicolae_vaults_shelves_hall,
          hangedman_vaults_slither, nicolae_vaults_network_barrier,
          ontoclasm_vaults_hangar, vaults_room_large_hall,
          nicolae_vaults_alarming, vaults_room_stairs_pillars,
          vaults_mumra_hexcomb
Lab:      labyrinth_mini_lab, nicolae_lab_stuck, nicolae_lab_statue,
          nicolae_lab_swirl, nicolae_lab_t_cross, nicolae_lab_flowing_pool
Bazaar:   bazaar_jpeg_circle_common
IceCv:    ice_cave_caverns_03

Skill      XL: |  1  2  3  4  5  6  7  8  9 10 11 12 13 14 15 16 17 18 19 20 |
---------------+-------------------------------------------------------------+-----
Fighting       | 1 2 3 4 5 6 7 8 9 11 13 15 16 17 18 | 18.4
Slings         | 4 5 6 7 8 10 11 12 13 14 | 14.0
Translocations | 2 4 7 8 |  8.5
Hexes          | 3 4 |  4.0
Dodging        | 4 8 11 13 14 16 17 18 | 18.9
Invocations    | 1 4 7 8 9 |  9.0
Evocations     | 4 5 6 8 9 10 | 10.0
Shields        | 1 5 6 8 10 11 | 11.4
Armour         | 3 7 |  7.0
Spellcasting   | |  1.0

Action                   |  1- 3 |  4- 6 |  7- 9 | 10-12 | 13-15 | 16-18 | 19-21 || total
-------------------------+-------+-------+-------+-------+-------+-------+-------++-------
Melee: Dagger            |       |     8 |     5 |     3 |       |       |       ||    16
       Fustibalus        |       |       |       |       |       |     1 |     1 ||     2
       Rapier            |       |       |       |       |       |       |     6 ||     6
 Fire: Hunting sling     |   110 |   237 |   592 |  1092 |    45 |   199 |       ||  2275
       Fustibalus        |       |       |       |     4 |  1404 |  1837 |  1067 ||  4312
Throw: Throwing net      |       |       |       |       |       |     1 |       ||     1
 Cast: Blink             |       |       |       |     2 |     7 |     2 |     9 ||    20
       Portal Projectile |       |       |       |     2 |     3 |     2 |     1 ||     8
       Passage of Golubr |       |       |       |       |       |       |     1 ||     1
Invok: Heroism           |       |       |       |     1 |     1 |     3 |     8 ||    13
       Finesse           |       |       |       |     1 |     1 |     3 |     7 ||    12
 Abil: Evoke Invisibilit |       |       |       |       |       |     1 |     4 ||     5
Evoke: Wand              |       |     1 |     2 |     6 |     5 |    12 |     6 ||    32
  Use: Potion            |       |     1 |     1 |     1 |     3 |     1 |     1 ||     8
       Scroll            |       |    11 |     5 |     8 |    12 |     7 |    11 ||    54
 Stab: Paralysed         |       |     7 |       |       |       |       |       ||     7
  Eat: Chunk             |     2 |     4 |    13 |    14 |    17 |    18 |     7 ||    75
       Ration            |       |     1 |       |     2 |     4 |     5 |     4 ||    16
Armor: Robe              |     1 |       |       |       |     5 |       |       ||     6
       Leather armour    |     5 |    27 |    54 |    27 |     8 |       |       ||   121
       Troll leather arm |       |       |       |    29 |    32 |   186 |    72 ||   319
Dodge: Dodged            |    31 |    55 |   125 |   443 |   436 |   952 |   575 ||  2617
       Deflected         |       |       |       |       |       |     5 |     3 ||     8
Block: Buckler           |       |       |       |       |     9 |   103 |       ||   112
       Shield            |       |       |       |       |       |   449 |   393 ||   842
       Reflection        |       |       |       |       |       |       |    62 ||    62

Table legend:
 A = Spawn XP
 B = Non-spawn XP
 C = Spawn XP percentage of total XP
 D = Spawn monster count
 E = Non-spawn monster count
 F = Spawn count percentage of total count
 G = Total turns spent on level
                    A         B        C        D         E        F      G
               +---------+---------+-------+---------+---------+-------+---------
         Total |       0 |  376279 |   0.0 |       0 |    1278 |   0.0 | 43820
               +---------+---------+-------+---------+---------+-------+---------
           D:1 |       0 |      31 |   0.0 |       0 |      16 |   0.0 |  1000
           D:2 |       0 |      85 |   0.0 |       0 |      17 |   0.0 |  1204
           D:3 |       0 |      92 |   0.0 |       0 |      12 |   0.0 |   889
           D:4 |       0 |     311 |   0.0 |       0 |      22 |   0.0 |  1492
           D:5 |       0 |     821 |   0.0 |       0 |      14 |   0.0 |  1227
           D:6 |       0 |    1211 |   0.0 |       0 |      32 |   0.0 |  1713
           D:7 |       0 |    1640 |   0.0 |       0 |      27 |   0.0 |  1191
           D:8 |       0 |     952 |   0.0 |       0 |      17 |   0.0 |   763
           D:9 |       0 |    1527 |   0.0 |       0 |      16 |   0.0 |  1018
          D:10 |       0 |    2716 |   0.0 |       0 |      40 |   0.0 |  1406
          D:11 |       0 |   13156 |   0.0 |       0 |      95 |   0.0 |  1577
          D:12 |       0 |    9800 |   0.0 |       0 |      41 |   0.0 |   990
          D:13 |       0 |   11440 |   0.0 |       0 |      58 |   0.0 |  1352
          D:14 |       0 |   11238 |   0.0 |       0 |      38 |   0.0 |  1412
          D:15 |       0 |   19848 |   0.0 |       0 |      51 |   0.0 |  1735
        Lair:1 |       0 |    2865 |   0.0 |       0 |      15 |   0.0 |  1187
        Lair:2 |       0 |    5091 |   0.0 |       0 |      22 |   0.0 |  1312
        Lair:3 |       0 |   11593 |   0.0 |       0 |      33 |   0.0 |  2047
        Lair:4 |       0 |    7907 |   0.0 |       0 |      38 |   0.0 |  1483
        Lair:5 |       0 |    4308 |   0.0 |       0 |      16 |   0.0 |  1065
        Lair:6 |       0 |   23882 |   0.0 |       0 |      87 |   0.0 |  2181
      Shoals:1 |       0 |   21765 |   0.0 |       0 |      42 |   0.0 |  1230
      Shoals:2 |       0 |   12456 |   0.0 |       0 |      28 |   0.0 |   809
      Shoals:3 |       0 |   39317 |   0.0 |       0 |      55 |   0.0 |  2122
      Shoals:4 |       0 |   32307 |   0.0 |       0 |      57 |   0.0 |  1423
      Spider:1 |       0 |   28034 |   0.0 |       0 |      59 |   0.0 |  1305
      Spider:2 |       0 |   14075 |   0.0 |       0 |      39 |   0.0 |  1608
      Spider:3 |       0 |   26666 |   0.0 |       0 |      61 |   0.0 |  1697
      Spider:4 |       0 |   24150 |   0.0 |       0 |      47 |   0.0 |  1144
         Orc:1 |       0 |     689 |   0.0 |       0 |       6 |   0.0 |   302
         Orc:2 |       0 |   12336 |   0.0 |       0 |      85 |   0.0 |  1186
      Vaults:1 |       0 |   21501 |   0.0 |       0 |      41 |   0.0 |   655
           Lab |       0 |    1621 |   0.0 |       0 |       2 |   0.0 |   454
         IceCv |       0 |   10848 |   0.0 |       0 |      49 |   0.0 |  1293
               +---------+---------+-------+---------+---------+-------+---------

Table legend:
 A = Turns spent in this place as a percentage of turns spent in the entire game.
 B = Non-inter-level travel turns spent in this place as a percentage of non-inter-level travel turns spent in the entire game.
 C = Inter-level travel turns spent in this place as a percentage of turns spent in this place.
 D = Turns resting spent in this place as a percentage of non-inter-level travel turns spent in this place.
 E = Turns spent auto-exploring this place as a percentage of non-inter-level travel turns spent in this place.
 F = Non-inter-level travel turns spent in this place divided by the number of levels of this place that you've seen.
                   A       B       C       D       E      F
               +-------+-------+-------+-------+-------+----------------------
         Total | 100.0 | 100.0 |   6.1 |  13.1 |  51.8 | 1142.9
       Dungeon |  43.3 |  42.9 |   6.9 |  14.1 |  55.6 | 1177.5
        Temple |   0.3 |   0.3 |  23.0 |   0.0 |  97.4 | 114.0
          Lair |  21.2 |  20.5 |   9.2 |   9.6 |  58.1 | 1404.2
        Shoals |  12.7 |  13.1 |   3.2 |  12.8 |  39.8 | 1352.0
   Spider Nest |  13.1 |  13.4 |   3.8 |  13.9 |  53.8 | 1383.2
  Orcish Mines |   3.4 |   3.4 |   5.8 |  10.3 |  54.0 | 700.5
        Vaults |   1.5 |   1.6 |   0.0 |  15.7 |  41.8 | 655.0
     Labyrinth |   1.0 |   1.1 |   0.0 |  38.8 |   0.0 | 454.0
        Bazaar |   0.5 |   0.5 |   0.0 |   0.0 |  22.5 | 200.0
      Ice Cave |   3.0 |   3.1 |   0.0 |  17.4 |  21.3 | 1293.0
               +-------+-------+-------+-------+-------+----------------------

Table legend:
 A = Kills in this place as a percentage of kills in entire the game.
 B = Kills by you in this place as a percentage of kills by you in the entire game.
 C = Kills by friends in this place as a percentage of kills by friends in the entire game.
 D = Other kills in this place as a percentage of other kills in the entire game.
 E = Experience gained in this place as a percentage of experience gained in the entire game.
 F = Experience gained in this place divided by the number of levels of this place that you have seen.
                   A       B       C       D       E      F
               +-------+-------+-------+-------+-------+----------------------
         Total | 100.0 | 100.0 | 100.0 | 100.0 | 100.0 | 10452.2
       Dungeon |  38.8 |  39.1 |   0.0 |  18.2 |  19.9 | 4991.2
          Lair |  16.5 |  16.6 |  50.0 |   0.0 |  14.8 | 9274.3
        Shoals |  14.2 |  14.1 |   0.0 |  36.4 |  28.1 | 26461.2
   Spider Nest |  16.1 |  16.0 |  50.0 |  18.2 |  24.7 | 23231.2
  Orcish Mines |   7.1 |   7.2 |   0.0 |   0.0 |   3.5 | 6512.5
        Vaults |   3.2 |   3.0 |   0.0 |  27.3 |   5.7 | 21501.0
     Labyrinth |   0.2 |   0.2 |   0.0 |   0.0 |   0.4 | 1621.0
      Ice Cave |   3.8 |   3.9 |   0.0 |   0.0 |   2.9 | 10848.0
               +-------+-------+-------+-------+-------+----------------------
